 Dungeon Crawl Stone Soup version 0.31-a0-232-gb1c03b2570 (webtiles) character file.

Game seed: 17244633662862135160

459 qw the Shooter (level 6, -2/52 HPs)
             Began as a Minotaur Hexslinger on July 7, 2023.
             Slain by a gnoll bouda
             ... wielding a +0 whip
              (7 damage)
             ... on level 4 of the Dungeon.
             The game lasted 00:01:20 (3306 turns).

qw the Shooter (Minotaur Hexslinger)                Turns: 3306, Time: 00:01:21

Health: -2/52      AC:  6    Str: 13    XL:     6   Next: 78%
Magic:  6/6        EV: 11    Int: 10    God:
Gold:   157        SH:  0    Dex: 14    Spells: 6/7 levels left

rFire   . . .        Y - +2 sling
rCold   . . .        (no shield)
rNeg    . . .        j - +0 ring mail
rPois   .            (helmet restricted)
rElec   .            n - +0 cloak
rCorr   .            (no gloves)
SInv    .            (no boots)
Will    .....        m - amulet of Crawling {Acrobat Stlth+}
Stlth   ++           (no ring)
HPRegen 0.28/turn    (no ring)
MPRegen 0.10/turn

%: acrobat
@: about to teleport
A: horns 2, retaliatory headbutt
a: no special abilities


You were on level 4 of the Dungeon.
You visited 1 branch of the dungeon, and saw 4 of its levels.

You collected 157 gold pieces.


Innate Abilities, Weirdness & Mutations

You have a pair of horns on your head.
You reflexively headbutt those who attack you in melee.


   Skills:
 - Level 4.0 Fighting
 + Level 7.1 Ranged Weapons
 - Level 1.0 Armour
 - Level 2.1 Dodging
 - Level 1.0 Spellcasting
 - Level 2.0 Hexes


You had 6 spell levels left.
You knew the following spells:

 Your Spells              Type           Power      Damage    Failure   Level
a - Slow                  Hex            16%        N/A       32%         1

Your spell library contained the following spells:

 Spells                   Type           Power      Damage    Failure   Level
 Inner Flame              Hex/Fire       2%         N/A       82%         3
 Portal Projectile        Hex/Tloc       4%         N/A       82%         3
 Cause Fear               Hex            2%         N/A       97%         4

Inventory:

Hand Weapons
 Y - a +2 sling (weapon)
Armour
 j - a +0 ring mail (worn)
 n - a +0 cloak (worn)
Jewellery
 m - the amulet of Crawling (around neck) {Acrobat Stlth+}
   (You found it on level 3 of the Dungeon)

   [amulet of the acrobat]

   It increases your evasion while moving and waiting.
   Stlth:     It makes you more stealthy.
Scrolls
 i - a scroll of identify
 o - a scroll of teleportation
Potions
 a - a potion of might {unknown}
 b - a potion of curing {unknown}
 c - a potion of heal wounds {unknown}
 d - a potion of enlightenment {unknown}
 e - a potion of resistance {unknown}
 f - a potion of magic {unknown}
 g - a potion of brilliance {unknown}
 h - a potion of lignification {unknown}
 k - a potion of mutation {unknown}
 l - a potion of ambrosia {unknown}

Dungeon Overview and Level Annotations

Branches:
Dungeon (4/15)
 Temple: D:4-7

Altars:

Shops:
D:1 [

Annotations:
D:4 1 transporter, qw's ghost, amateur MiHs


Message History

You shoot a sling bullet.
The sling bullet closely misses the gnoll.
The gnoll bouda closely misses you. The gnoll hits you with a +0 flail.
You shoot a sling bullet.
The sling bullet barely misses the gnoll.
The gnoll bouda hits you with a +0 whip.
The gnoll hits you with a +0 whip. The gnoll hits you with a +0 flail.
The gnoll bouda closely misses you.
You shoot a sling bullet. The sling bullet hits the gnoll.
The gnoll is severely wounded.
The gnoll hits you with a +0 whip. The gnoll closely misses you.
The gnoll bouda calls upon its god to heal the gnoll.
The gnoll is healed somewhat.
The gnoll hits you with a +0 whip!
You shoot a sling bullet. The sling bullet hits the gnoll!
The gnoll is severely wounded.
The gnoll completely misses you. You furiously retaliate!
You headbutt the gnoll!
You kill the gnoll!
The gnoll bouda barely misses you. The gnoll closely misses you.
You shoot a sling bullet. The sling bullet hits the jelly.
The jelly is lightly wounded.
The jelly misses you. The gnoll bouda barely misses you.
You furiously retaliate!
You headbutt the gnoll bouda. The gnoll hits you with a +0 whip.
You shoot a sling bullet. The sling bullet hits the jelly.
The jelly is moderately wounded.
The jelly barely misses you.
The gnoll bouda hits you with a +0 whip.
The gnoll hits you with a +0 whip!
3305 ||| READING 2 scrolls of teleportation.
As you read the scroll of teleportation, it crumbles to dust.
You feel strangely unstable. The jelly hits you but does no damage.
The gnoll bouda misses you. The gnoll barely misses you.
You furiously retaliate!
You headbutt the gnoll! You shoot a sling bullet.
The sling bullet hits the gnoll but does no damage.
The gnoll is severely wounded.
The gnoll is no longer moving quickly.
The jelly hits you but does no damage.
The gnoll bouda hits you with a +0 whip!
You die...

#### ..# #.# #####$##
#######
.#...g@.#######.....###
#.....gJ.........# #...#
#................# #....
...#.##.##.......###....
..... #%.......>...>....
.... #.##.#####.###...#
... ...##.# #.[....##
.#. ......# #....#.#
#####.# ###..#.#


You could see a gnoll bouda, a jelly and a gnoll.

Vanquished Creatures
  A vampire bat (D:3)
  An orc priest (D:3)
  An iguana (D:3)
  Natasha (thrice) (D:3)
  5 gnolls
  7 adders
  2 worms
  4 dart slugs
  3 fire bats (D:3)
  4 orcs (D:3)
  2 spectral bats (D:3)
  2 ball pythons (D:1)
  3 bat skeletons (D:3)
  A bat zombie (D:3)
  5 endoplasms
  4 giant cockroaches
  8 goblins
  7 hobgoblins
  6 kobolds
  6 quokkas
  14 bats
  A bat simulacrum (D:3)
  4 frilled lizards
  8 rats
102 creatures vanquished.

Notes
Turn   | Place    | Note
-------+----------+-------------------------------------------
     0 | D:1      | qw the Minotaur Hexslinger began the quest for the Orb.
     0 | D:1      | Reached XP level 1. HP: 16/16 MP: 1/1
     0 | D:1      | 0 ||| qw: Version: 0.3-a-46-gb1f654a
     0 | D:1      | 0 ||| qw: Game counter: 2669
     0 | D:1      | 0 ||| qw: Melee chars always use a shield: true
     0 | D:1      | 0 ||| qw: God list: Okawaru
     0 | D:1      | 0 ||| qw: Allow faded altars: false
     0 | D:1      | 0 ||| qw: Do Orc after clearing Dungeon:15 true
     0 | D:1      | 0 ||| qw: Do second Lair branch before Depths: true
     0 | D:1      | 0 ||| qw: Lair rune preference: random
     0 | D:1      | 0 ||| qw: Goals: Normal
     0 | D:1      | 0 ||| PLANNING D:1-11
    96 | D:1      | Reached skill level 3 in Ranged Weapons
   119 | D:1      | Reached XP level 2. HP: 23/23 MP: 2/2
   162 | D:1      | Found Goocesh's Armour Shop.
   169 | D:1      | 169 ||| SHOPLISTING +0 leather armour (20 gold, have 4).
   169 | D:1      | 169 ||| SHOPLISTING +0 pair of gloves (45 gold, have 4).
   442 | D:1      | Reached XP level 3. HP: 29/29 MP: 3/3
   846 | D:1      | 846 ||| UPGRADING to +0 leather armour.
   856 | D:1      | 856 ||| DROPPING +0 robe.
   857 | D:1      | 857 ||| UPGRADING to +0 ring mail.
   867 | D:1      | 867 ||| DROPPING +0 leather armour.
   868 | D:1      | 868 ||| READING scroll labelled JAERGH IMUFYNKI.
   869 | D:1      | 869 ||| READING scroll labelled TUQUGI GEAMU.
   870 | D:1      | 870 ||| READING scroll labelled URROWO OREA.
   871 | D:1      | 871 ||| DROPPING scroll of poison.
   887 | D:2      | 887 ||| STAIRDANCE
   896 | D:1      | HP: 7/29 [poisoned by an adder]
   898 | D:1      | Reached skill level 4 in Ranged Weapons
   899 | D:1      | HP: 3/29 [poisoned by an adder]
  1052 | D:2      | Reached skill level 1 in Armour
  1162 | D:2      | Reached XP level 4. HP: 36/36 MP: 4/4
  1267 | D:2      | 1267 ||| FLEEEEING.
  1268 | D:2      | 1268 ||| FLEEEEING.
  1270 | D:2      | 1270 ||| FLEEEEING.
  1271 | D:2      | 1271 ||| FLEEEEING.
  1272 | D:2      | 1272 ||| FLEEEEING.
  1273 | D:2      | 1273 ||| FLEEEEING.
  1274 | D:2      | 1274 ||| FLEEEEING.
  1275 | D:2      | 1275 ||| FLEEEEING.
  1547 | D:2      | 1547 ||| DROPPING amulet of magic regeneration.
  1548 | D:2      | 1548 ||| READING scroll labelled DOHICH WOIZ.
  1549 | D:2      | 1549 ||| READING scroll labelled USOROTONGA.
  1550 | D:2      | 1550 ||| DRINKING 2 purple potions.
  1551 | D:2      | 1551 ||| DROPPING potion of attraction.
  1639 | D:3      | Reached skill level 5 in Ranged Weapons
  1773 | D:3      | Noticed Natasha
  1783 | D:3      | Killed Natasha
  1784 | D:3      | Reached XP level 5. HP: 26/42 MP: 5/5
  1862 | D:3      | Reached skill level 3 in Fighting
  2087 | D:3      | Noticed Natasha
  2092 | D:3      | Killed Natasha
  2179 | D:3      | Identified the amulet of Crawling {Acrobat Stlth+}
  2380 | D:3      | Reached skill level 6 in Ranged Weapons
  2412 | D:3      | Reached XP level 6. HP: 49/52 MP: 6/6
  2432 | D:3      | Noticed Natasha
  2435 | D:3      | 2435 ||| Stepping ~*~*~tactically~*~*~ (outnumbered).
  2443 | D:3      | Killed Natasha
  2947 | D:3      | 2947 ||| UPGRADING to +0 cloak.
  2952 | D:3      | 2952 ||| UPGRADING to amulet of Crawling {Acrobat Stlth+}.
  2957 | D:3      | 2957 ||| READING 2 scrolls labelled BURORE AB VOA.
  2958 | D:3      | 2958 ||| READING scroll labelled JEYJ WACAQU.
  2959 | D:3      | 2959 ||| READING 3 scrolls labelled WUCONT KAMU.
  2973 | D:4      | 2973 ||| STAIRDANCE
  3098 | D:4      | 3098 ||| STAIRDANCE
  3149 | D:4      | 3149 ||| STAIRDANCE
  3201 | D:4      | Found a transporter.
  3204 | D:4      | Noticed qw's ghost (amateur MiHs)
  3292 | D:4      | Reached skill level 7 in Ranged Weapons
  3304 | D:4      | HP: 11/52 [gnoll bouda/+0 whip (5)]
  3304 | D:4      | HP: 4/52 [gnoll/+0 whip[a gnoll bouda] (7)]
  3305 | D:4      | 3305 ||| READING 2 scrolls of teleportation.
  3306 | D:4      | Slain by a gnoll bouda

Levels and vault maps discovered:
D:1:      shiori_arrival_oz, layout_loops_ring, serial_shops, shop
D:2:      layout_rooms, st_stairs_9
D:3:      layout_basic, goddamned_bats, uniq_natasha
D:4:      minmay_wonky_spiral, layout_loops_ring,
          nemelex_xobeh_ov_fountains_minmay, gammafunk_ghost_mausoleum,
          chequers_serial_rivers_marsh

Skill      XL: |  1  2  3  4  5  6 |
---------------+-------------------+-----
Ranged Weapons | 3 4 5 6 7 |  7.1
Fighting       | 2 3 4 |  4.0
Armour         | 1 |  1.0
Dodging        | |  2.1
Spellcasting   | |  1.0
Hexes          | |  2.0

Action                     |  1- 3 |  4- 6 || total
---------------------------+-------+-------++-------
   Fire: Sling             |   129 |   203 ||   332
    Use: Scroll            |     3 |     6 ||     9
         Potion            |       |     1 ||     1
 Armour: Robe              |     1 |       ||     1
         Ring mail         |     9 |    70 ||    79
  Dodge: Dodged            |    36 |   132 ||   168

Table legend:
 A = Non-vault XP
 B = Vault XP
 C = Vault XP percentage of total XP
 D = Non-vault monster count
 E = Vault monster count
 F = Vault count percentage of total count
                 A         B        C        D         E       F
            +---------+---------+-------+---------+---------+-------
      Total |     434 |     223 |  33.9 |      77 |      25 |  24.5
            +---------+---------+-------+---------+---------+-------
        D:1 |      63 |       2 |   3.1 |      29 |       1 |   3.3
        D:2 |      64 |       6 |   8.6 |      20 |       3 |  13.0
        D:3 |     235 |     215 |  47.8 |      22 |      21 |  48.8
        D:4 |      72 |       0 |   0.0 |       6 |       0 |   0.0
            +---------+---------+-------+---------+---------+-------
